 Seeded DCSS version 0.30.1-9-gdf580d7c3d (webtiles) character file.

Game seed: 15734390716694237801 (custom seed)

2408 Psyclone the Stinger (level 9, -1/45 HPs)
             Began as a Deep Elf Venom Mage on Sept 29, 2023.
             Was a Follower of Ashenzari.
             Killed from afar by Erica (25 damage)
             ... with a lance of force
             ... on level 8 of the Dungeon.
             The game lasted 00:26:15 (8307 turns).

Psyclone the Stinger (Deep Elf Venom Mage)          Turns: 8307, Time: 00:26:16

Health: -1/45      AC:  8    Str:  5    XL:     9   Next: 23%
Magic:  6/20       EV: 13    Int: 25    God:    Ashenzari [*.....]
Gold:   311        SH:  0    Dex: 15    Spells: 5/20 levels left

rFire   . . .        a - +4 dagger (venom)
rCold   . . .        (no shield)
rNeg    . . .        j - +0 robe
rPois   .            M - +2 hat
rElec   .            s - +1 cloak
rCorr   .            p - +0 pair of gloves
SInv    .            n - +0 pair of boots
Will    .....        K - amulet "I Foresaw This" {Acrobat, Elem, Alch} (curse)
Stlth   ++           x - ring "I Knew You'd Do That" {Wiz, Alch, Cun} (curse)
HPRegen 0.27/turn    (no ring)
MPRegen 0.17/turn

%: acrobat, wizardry (x1)
@: lethally poisoned (-1 -> -8), radiating poison
A: no striking features
a: Renounce Religion, Shatter the Chains


You were on level 8 of the Dungeon.
You worshipped Ashenzari.
Ashenzari was aware of your devotion.
You visited 2 branches of the dungeon, and saw 9 of its levels.

You collected 371 gold pieces.
You spent 60 gold pieces at shops.

Inventory:

Hand Weapons
 a - a +4 dagger of venom (weapon)
 H - a +0 quick blade
Missiles
 m - 3 throwing nets {!f}
Armour
 j - a +0 robe (worn)
 n - a +0 pair of boots (worn)
 p - a +0 pair of gloves (worn)
 s - a +1 cloak (worn)
 u - a +0 buckler
 M - a +2 hat (worn)
Jewellery
 x - the cursed ring "I Knew You'd Do That" (left hand) {Wiz, Alch, Cun}
   (You found it on level 3 of the Dungeon)

   [ring of wizardry]

   It improves your spell success rate.
   It has a curse which improves the following skills: Alchemy: Poison Magic and
   Transmutations.
   Cunning:   Dodging and Stealth.
 K - the cursed amulet "I Foresaw This" (around neck) {Acrobat, Elem, Alch}
   (You found it on level 6 of the Dungeon)

   [amulet of the acrobat]

   It increases your evasion while moving and waiting.
   It has a curse which improves the following skills: Elements: Fire Magic, Ice
   Magic, Air Magic and Earth Magic.
   Alchemy:   Poison Magic and Transmutations.
Wands
 y - a wand of paralysis (4)
 F - a wand of light (8)
 I - a wand of polymorph (7)
Scrolls
 c - a scroll of poison
 h - a scroll of enchant armour
 i - 8 scrolls of identify {@r1}
 k - 2 scrolls of fear
 q - 5 scrolls of magic mapping
 v - 2 scrolls of enchant weapon
 w - 2 scrolls of immolation
 z - 2 scrolls of brand weapon
 A - 3 scrolls of blinking
 C - 5 scrolls of teleportation
 D - a scroll of vulnerability
 E - a scroll of amnesia
Potions
 b - a potion of magic
 d - a potion of berserk rage
 e - 3 potions of curing
 f - 3 potions of lignification
 g - 3 potions of mutation
 l - 2 potions of resistance
 o - a potion of might
 r - 5 potions of degeneration
 t - a potion of haste
 G - a potion of heal wounds
 J - a potion of brilliance
 L - a potion of cancellation


   Skills:
 - Level 2.4(3.1) Dodging
 - Level 2.4(3.1) Stealth
 - Level 6.0 Spellcasting
 - Level 6.0 Conjurations
 - Level 6.0(7.2) Transmutations
 + Level 5.0(5.7) Fire Magic
 - Level 5.6(6.4) Air Magic
 - Level 6.0(7.2) Poison Magic


You had 5 spell levels left.
You knew the following spells:

 Your Spells              Type           Power      Damage    Failure   Level
a - Poisonous Vapours     Pois/Air       82%        N/A       1%          2
b - Searing Ray           Conj           74%        2d7       1%          2
d - Mephitic Cloud        Conj/Pois/Air  40%        N/A       1%          3
s - Ignite Poison         Fire/Tmut/Pois 41%        N/A       1%          3
v - Sting                 Tmut/Pois      100%       1d8       1%          1
x - Olgreb's Toxic Radia  Pois           43%        N/A       1%          4

Your spell library contained the following spells:

 Spells                   Type           Power      Damage    Failure   Level
 Beastly Appendage        Tmut           86%        N/A       1%          1
 Magic Dart               Conj           100%       1d8       1%          1
 Passwall                 Tmut/Erth      20%        N/A       1%          2
 Swiftness                Air            39%        N/A       1%          3
 Dazzling Flash           Conj/Hex       44%        N/A       2%          3
 Stone Arrow              Conj/Erth      44%        3d9       2%          3
 Sandblast                Erth           14%        2d6       3%          1
 Ensorcelled Hibernation  Hex/Ice        14%        N/A       4%          2
 Lesser Beckoning         Tloc           14%        N/A       4%          2
 Sublimation of Blood     Necr           7%         N/A       4%          2
 Ice Form                 Ice/Tmut       25%        N/A       7%          4
 Gell's Gravitas          Tloc           7%         N/A       9%          3
 Teleport Other           Tloc           7%         N/A       9%          3
 Fulminant Prism          Conj/Hex       11%        3d9       9%          4
 Silence                  Hex/Air        11%        N/A       22%         5
 Anguish                  Hex/Necr       3%         N/A       28%         4
 Agony                    Necr           7%         N/A       58%         5
 Eringya's Noxious Bog    Tmut/Pois      21%        N/A       24%         6
 Death's Door             Necr           3%         N/A       100%        9


Dungeon Overview and Level Annotations

Branches:
Dungeon (8/15) Zot: 26699  Temple (1/1) D:5 Zot: 5771
   Lair: D:8-11

Altars:
Ashenzari
Cheibriados
Dithmenos
Elyvilon
Fedhas
Gozag
Hepliaklqana
Kikubaaqudgha
Makhleb
Nemelex Xobeh
Okawaru
Qazlal
Sif Muna
Trog
Uskayaw
Vehumet
Wu Jian
Xom
Yredelemnul
Zin
The Shining One

Shops:
D:1 *   D:3 *   D:7 (

Annotations:
D:3 2 transporters, Psyclone's ghost, amateur DECj
D:8 Erica; Maurice


Message History

You ignite the poison in your surroundings!
Erica seems to burn from within!!!
Erica is severely wounded.
The orc wizard shouts!
The orc shouts!
Erica points at you and mumbles some strange words.
The bolt of poison hits you!
You are poisoned.
Maurice the Thief comes into view.
He is wielding a +0 dagger and carrying a wand of polymorph (5).
You take 16 damage, and have 29/45 hp.
MASSIVE DAMAGE!!
You now have 13/20 mp.
Casting: Ignite Poison (safe; 1% risk of failure)
Confirm with . or Enter, or press ? or * to list all spells.
You begin to radiate toxic energy.
Erica is poisoned.
Maurice is poisoned.
The orc warrior is poisoned.
The orc wizard is poisoned.
The orc is poisoned. x3
Maurice looks even sicker.
The orc wizard looks even sicker.
You kill the orc!
The orc looks even sicker.
You feel very sick.
Your Fire Magic skill increases to level 5!
You take 3 damage, and have 26/45 hp.
You now have 9/20 mp.
Casting: Olgreb's Toxic Radiance (dangerous; 1% risk of failure)
Confirm with . or Enter, or press ? or * to list all spells.
You ignite the poison in your surroundings!
Erica seems to burn from within.
Erica is almost dead.
The orc seems to burn from within!!
You kill the orc!
The orc warrior seems to burn from within.
The orc warrior is heavily wounded.
The orc seems to burn from within!!
You kill the orc!
The orc wizard seems to burn from within!!!
You kill the orc wizard!
Maurice seems to burn from within!!
Maurice is heavily wounded.
Erica is poisoned.
Maurice is poisoned.
The orc warrior is poisoned.
You feel very sick. Erica casts a spell at you. The lance of force hits you!!
Ouch! That really hurt!
You die...

.......#...#
............#...#
.......##+###...#
.@))...#........#
.).o...#........#
.......#........#
...)...#...##...#
......@#.>.##...#
.......@...##...#
.......#........#
.......######...#
....... ###
....... ....>..
....... .......


You could see Erica (fast, poisoned), Maurice (poisoned) and an orc warrior
(poisoned).

Vanquished Creatures
  A hornet (D:4)
  Sigmund (D:5)
  Menkaure (D:5)
  A steam dragon (D:8)
  An ice beast (D:5)
  An ogre (D:5)
  A centaur (D:7)
  A phantom (D:7)
  A kobold brigand (D:6)
  Blork the orc (D:5)
  4 bullfrogs
  3 scorpions
  4 wights (D:7)
  4 hounds (D:6)
  3 jellies
  Crazy Yiuf (D:4)
  3 orc priests
  2 iguanas (D:5)
  Ijyb (D:3)
  A sleepcap (D:8)
  4 orc wizards
  4 gnolls (D:6)
  7 adders
  A white imp (D:5)
  2 ufetubi
  3 worms
  A dart slug (D:1)
  15 orcs
  5 ball pythons
  6 bats
  3 endoplasms
  4 giant cockroaches
  7 hobgoblins
  12 kobolds
  7 quokkas
  3 frilled lizards
  6 goblins
  6 rats
132 creatures vanquished.

Notes
Turn   | Place    | Note
-------+----------+-------------------------------------------
     0 | D:1      | Psyclone the Deep Elf Venom Mage began the quest for the
                  | Orb.
     0 | D:1      | Reached XP level 1. HP: 10/10 MP: 6/6
     1 | D:1      | Noticed an electric eel
    74 | D:2      | Identified a scroll of acquirement
    74 | D:2      | Acquired the Handbook of the Grim Xenotype
   254 | D:1      | Reached XP level 2. HP: 15/15 MP: 5/8
   257 | D:1      | Learned a level 2 spell: Poisonous Vapours
   260 | D:1      | Learned a level 2 spell: Searing Ray
   769 | D:1      | Found Peiluom's Assorted Antiques.
   992 | D:1      | Found a faded altar of an unknown god.
  1497 | D:2      | Reached XP level 3. HP: 19/19 MP: 4/9
  1841 | D:2      | Reached skill level 5 in Poison Magic
  1848 | D:2      | Reached skill level 1 in Conjurations
  2297 | D:3      | Reached XP level 4. HP: 24/24 MP: 5/10
  2505 | D:3      | Found a transporter.
  2509 | D:3      | Noticed Psyclone's ghost (amateur DECj)
  2514 | D:3      | Found a transporter.
  2930 | D:3      | Found Vuwemorif's General Store.
  2934 | D:3      | Noticed Ijyb
  2945 | D:3      | Killed Ijyb
  3020 | D:3      | Learned a level 3 spell: Ignite Poison
  3256 | D:1      | Bought a scroll labelled OVOISIUWOS for 30 gold pieces
  3256 | D:1      | Bought a scroll labelled OVOISIUWOS for 30 gold pieces
  3352 | D:4      | Found a large runed translucent door.
  3369 | D:4      | Found a large runed translucent door.
  3448 | D:4      | Found a shimmering blue altar of Sif Muna.
  3458 | D:4      | Found a snail-covered altar of Cheibriados.
  3541 | D:4      | Noticed a scorpion
  3548 | D:4      | Killed a scorpion
  3549 | D:4      | Reached XP level 5. HP: 28/28 MP: 3/12
  3810 | D:4      | Noticed a hornet
  3815 | D:4      | Killed a hornet
  3816 | D:4      | Reached XP level 6. HP: 7/32 MP: 5/14
  4069 | D:4      | Found a runed translucent door.
  4070 | D:4      | Noticed Crazy Yiuf
  4076 | D:4      | Killed Crazy Yiuf
  4302 | D:5      | Entered Level 5 of the Dungeon
  4516 | D:5      | Found a bloodstained altar of Trog.
  4591 | D:5      | Found a staircase to the Ecumenical Temple.
  4602 | Temple   | Entered the Ecumenical Temple
  4815 | Temple   | Became a worshipper of Ashenzari the Shackled
  4985 | D:5      | Reached skill level 5 in Spellcasting
  4985 | D:5      | Reached XP level 7. HP: 36/36 MP: 2/16
  4992 | D:5      | Noticed Menkaure
  5077 | D:5      | Learned a level 3 spell: Mephitic Cloud
  5155 | D:5      | Reached skill level 1 in Air Magic
  5161 | D:5      | Learned a level 4 spell: Olgreb's Toxic Radiance
  5233 | D:5      | Noticed Blork the orc
  5326 | D:5      | Killed Blork the orc
  5414 | D:5      | Reached skill level 5 in Conjurations
  5473 | D:5      | Noticed Sigmund
  5485 | D:5      | Killed Sigmund
  5759 | D:5      | Killed Menkaure
  5760 | D:5      | Reached XP level 8. HP: 22/41 MP: 12/19
  5905 | D:5      | Found a white marble altar of Elyvilon.
  6109 | D:6      | Reached skill level 5 in Transmutations
  6556 | D:6      | Reached skill level 5 in Air Magic
  6694 | D:6      | Found a shimmering altar of Xom.
  6695 | D:6      | Found a hazy altar of Hepliaklqana.
  6696 | D:6      | Noticed a spectral ugly thing
  7215 | D:7      | Reached skill level 1 in Fire Magic
  7332 | D:7      | Found Uciegiopn's Weapon Emporium.
  7406 | D:7      | Reached XP level 9. HP: 45/45 MP: 16/20
  7810 | D:7      | Reached * piety under Ashenzari
  8302 | D:8      | Noticed Erica
  8305 | D:8      | Noticed Maurice
  8307 | D:8      | Reached skill level 5 in Fire Magic
  8307 | D:8      | Killed from afar by Erica

Illustrated notes

Levels and vault maps discovered:
D:1:      arrival_aquarium_a, layout_basic, serial_shops, shop,
          shapermc_ecumenical_altar_mp_highgroup
D:2:      layout_basic, kennysheep_decorative_pillar, due_unseen_surprise
D:3:      layout_loops_corners, gammafunk_ghost_mausoleum, serial_shops, shop,
          minmay_misc_feat_iff, uniq_ijyb
D:4:      layout_loops_ring, jmf_multi_god_temple2, minmay_statues_item,
          uniq_crazy_yiuf_cottage
D:5:      layout_loops_cross, amcnicky_altar_gilded, elyvilon_altar_4,
          minmay_temple_entry_fiery, uniq_sigmund, uniq_blork_the_orc,
          uniq_menkaure
D:6:      layout_rooms, regret_index_temple_of_mockery,
          dreamdust_mushroom_princess
D:7:      layout_basic, serial_shops, shop
D:8:      layout_gridville, uniq_erica, uniq_prince_ribbit1, uniq_maurice
Temple:   bh_familiar_temple

Skill      XL: |  1  2  3  4  5  6  7  8  9 |
---------------+----------------------------+-----
Poison Magic   | 4 5 6 |  6.0
Conjurations   | 1 3 4 5 6 |  6.0
Spellcasting   | 4 5 6 |  6.0
Transmutations | 2 3 4 6 |  6.0
Air Magic      | 2 5 |  5.6
Fire Magic     | 2 5 |  5.0
Dodging        | |  2.4
Stealth        | |  2.4

Action                     |  1- 3 |  4- 6 |  7- 9 || total
---------------------------+-------+-------+-------++-------
  Melee: Dagger            |    31 |    29 |    25 ||    85
         Short sword       |    33 |    33 |       ||    66
   Cast: Sting             |    12 |       |     2 ||    14
         Poisonous Vapours |    33 |    43 |    38 ||   114
         Ignite Poison     |       |     5 |    24 ||    29
         Searing Ray       |       |     1 |     4 ||     5
         Mephitic Cloud    |       |       |     7 ||     7
         Olgreb's Toxic Ra |       |       |     9 ||     9
 Invoke: Curse Item        |       |       |     2 ||     2
    Use: Scroll            |     1 |     1 |       ||     2
         Potion            |       |     1 |       ||     1
   Stab: Sleeping          |       |     5 |       ||     5
 Armour: Robe              |    26 |    13 |    21 ||    60
  Dodge: Dodged            |    47 |    31 |    44 ||   122
